 Dungeon Sprint DCSS version 0.27-a0-550-ge92ec0ca06 (webtiles) character file.

Game seed: 5147839834267720056

60 mhtbhm the Skirmisher (level 4, -7/48 HPs)
             Began as a Kobold Berserker on Mar 7, 2021.
             Was a Priest of Trog.
             Mangled by a water elemental (20 damage)
             ... in the Dungeon (Sprint III: "The Ten Rune Challenge").
             The game lasted 00:00:41 (473 turns).

mhtbhm the Skirmisher (Kobold Berserker)             Turns: 473, Time: 00:00:42

Health: -7/48      AC:  2    Str: 13    XL:     4   Next: 24%
Magic:  4/4        EV: 16    Int:  8    God:    Trog [***...]
Gold:   23         SH:  0    Dex: 16    Spells: 3/3 levels left

rFire    . . .     SeeInvis .   a - +0 mace
rCold    . . .     Faith    .   (shield restricted)
rNeg     . . .     Spirit   .   b - +0 animal skin
rPois    +         Reflect  .   (no helmet)
rElec    .         Harm     .   (no cloak)
rCorr    .         Rampage  .   (no gloves)
Will     .....     NoTele   +   (no boots)
Stlth    ..........             (no amulet)
HPRegen  0.16/turn              (no ring)
MPRegen  0.09/turn              (no ring)

@: berserking, very quick
A: small, agile 1, nightstalker 3, poison resistance, weak 1, MP-powered wands
a: Renounce Religion, Berserk, Trog's Hand


You were in the Dungeon.
You worshipped Trog.
Trog was most pleased with you.
You visited 1 branch You collected 23 gold pieces.

Inventory:

Hand Weapons
 a - a +0 mace (weapon)
Armour
 b - a +0 animal skin (worn)
Wands
 j - a wand of random effects (26)
Scrolls
 h - a scroll of blinking
 l - 2 scrolls of immolation {unknown}
 m - 2 scrolls of identify
 o - a scroll of amnesia {unknown}
Potions
 c - a potion of curing
 d - a potion of heal wounds
 e - a potion of haste
 f - 2 potions of magic
 g - a potion of berserk rage
 i - a potion of resistance {unknown}
 n - 2 potions of flight
 p - 2 potions of lignification {unknown}


   Skills:
 + Level 5.9 Fighting
 + Level 5.1 Maces & Flails
 + Level 2.4 Armour
 + Level 3.9 Dodging


You had 3 spell levels left.
You didn't know any spells.
Your spell library was empty.

Dungeon Overview and Level Annotations

Branches:
Dungeon (1/1)

Altars:


Innate Abilities, Weirdness & Mutations

You are small and have problems with some larger weapons.
You are completely attuned to the shadows.
You are agile. (Dex +2)
Your system is resistant to poisons. (rPois)
You are weak. (Str -2)
You expend magic power (3 MP) to strengthen your wands.


Message History

HP restored.
It was a potion of flight.
You feel very buoyant.
You fly up into the air.
It was a potion of mutation.
You feel extremely strange.
You feel weaker.
You feel nature experimenting on you.
Don't worry, failures die fast.
Really quaff the potion of mutation?
You feel extremely strange. Nature stops experimenting on you.
You feel stronger.
You feel weaker.
You feel your magical essence link to the dungeon's wands.
You feel agile.
You feel resistant to poisons.
There is an open door here.
You start waiting.
You are starting to lose your buoyancy.
You reach down and open the door.
A water elemental comes into view.
There is an open door to the Ecumenical Temple here.
A red film seems to cover your vision as you go berserk!
You feel yourself moving faster!
You feel mighty!
You float gracefully downwards.
You hit the water elemental.
The water elemental is lightly damaged.
The water elemental hits you!!
The water elemental engulfs you in water!
You barely miss the water elemental.
The water elemental is lightly damaged.
Your lungs strain for air!
The water elemental hits you!
* * * LOW HITPOINT WARNING * * *
Unknown command.
You slip free of the water engulfing you.
You gasp with relief as air once again reaches your lungs.
You feel a strong urge to attack something.
The water elemental misses you.
There is an open door to the Ecumenical Temple, spattered with blood here.
You barely miss the water elemental.
The water elemental is lightly damaged.
The water elemental hits you!!
You die...

▓▓▓▓▓▓▓▓▓▓
.#..'....♣♣♣
.#..#...... ♣.#
'####....♣♣♣ ♣♣.#
....#.†..≈.♣♣♣..###+#
....#...≈≈.♣....#....
....#..≈≈≈≈.♣...@E⌠..
###'#..≈≈≈≈≈≈.♣.#...#
..†)#.≈≈≈≈≈≈....#.⌠.#
....#.≈≈≈≈≈.....#...#
....#.≈≈≈.......#+###
#####.......÷...#
................#
▓▓▓▓▓▓▓▓▓▓▓▓▓▓▓▓▓


You could see a water elemental.

Vanquished Creatures
  Jessica (D)
  A human (D)
  A wolf (D)
  3 rats (D)
6 creatures vanquished.

Notes
Turn   | Place    | Note
-------+----------+-------------------------------------------
     0 | D        | mhtbhm the Kobold Berserker began the quest for the Orb.
     0 | D        | Reached XP level 1. HP: 14/14 MP: 1/1
    80 | D        | Noticed Jessica
    83 | D        | Killed Jessica
    83 | D        | Reached ** piety under Trog
    84 | D        | Reached skill level 5 in Fighting
    84 | D        | Reached XP level 2. HP: 21/21 MP: 2/2
    84 | D        | Reached XP level 3. HP: 26/26 MP: 3/3
   325 | D        | Reached *** piety under Trog
   326 | D        | Reached skill level 5 in Maces & Flails
   326 | D        | Reached XP level 4. HP: 32/32 MP: 4/4
   415 | D        | Gained mutation: You are weak. (Str -2) [potion of
                  | mutation]
   415 | D        | Gained mutation: You evolve. [potion of mutation]
   416 | D        | Lost mutation: You evolve. [potion of mutation]
   416 | D        | Lost mutation: You are weak. (Str -2) [potion of mutation]
   416 | D        | Gained mutation: You are weak. (Str -2) [potion of
                  | mutation]
   416 | D        | Gained mutation: You expend magic power (3 MP) to
                  | strengthen your wands. [potion of mutation]
   416 | D        | Gained mutation: You are agile. (Dex +2) [potion of
                  | mutation]
   416 | D        | Gained mutation: Your system is resistant to poisons.
                  | (rPois) [potion of mutation]
   466 | D        | Noticed a water elemental
   473 | D        | Mangled by a water elemental

Illustrated notes

Levels and vault maps discovered:
D:        dungeon_sprint_mu [sprint_mu_entry_forest, sprint_mu_temple_rooms,
          sprint_mu_d1_horrors, sprint_mu_d2_genie, sprint_mu_d3_branching,
          sprint_mu_orc_legion, sprint_mu_elf_gauntlet, sprint_mu_hive_nellie,
          sprint_mu_lair_fedhas, sprint_mu_vaults_butterflies,
          sprint_mu_slime_circle, sprint_mu_swamp_cave, sprint_mu_snake_twists,
          sprint_mu_blade_basic, sprint_mu_crypt_fortress,
          sprint_mu_tomb_spiral, sprint_mu_vestibule_basic,
          sprint_mu_gehenna_hellfire, sprint_mu_dis_giant,
          sprint_mu_tartarus_statrot, sprint_mu_cocytus_islands, sprint_mu_zot1]

Skill      XL: |  1  2  3 |
---------------+----------+-----
Maces & Flails | 4 5 |  5.1
Fighting       | 5 |  5.9
Armour         | 2 |  2.4
Dodging        | 3 |  3.9

Action                   |  1- 3 |  4- 6 || total
-------------------------+-------+-------++-------
Melee: Mace              |    18 |     3 ||    21
Invok: Berserk           |     3 |     1 ||     4
  Use: Potion            |       |     3 ||     3
Armor: Animal skin       |     2 |       ||     2
Dodge: Dodged            |     8 |     1 ||     9

Table legend: (Time is in decaauts)
 A = Elapsed time spent in this place.
 B = Non-inter-level travel time spent in this place.
 C = Inter-level travel time spent in this place.
 D = Time resting spent in this place.
 E = Time spent auto-exploring this place.
 F = Levels seen in this place.
 G = Mean time per level.
                   A        B        C        D        E       F      G
               +--------+--------+--------+--------+--------+-----+--------+
         Total |    506 |    506 |      0 |    324 |     75 |   1 |  506.0 |
       Dungeon |    506 |    506 |      0 |    324 |     75 |   1 |  506.0 |
               +--------+--------+--------+--------+--------+-----+--------+

Top non-repeatable levels by time:
       D: 506 daAuts
